 Dungeon Crawl Stone Soup version 0.24-a0-365-ga4d96b6e6e (console) character file.

Game seed: 18404127365758800323

9 Lexodia the Sneak (level 2, 0/19 HPs)
             Began as a Vampire Enchanter on May 27, 2019.
             Hit by a stone thrown by a kobold (3 damage)
             ... on level 1 of the Dungeon.
             The game lasted 00:00:59 (179 turns).

Lexodia the Sneak (Vampire Enchanter)                Turns: 179, Time: 00:01:00

Health: 0/19       AC:  2    Str:  7    XL:     2   Next: 3%
Magic:  1/5        EV: 12    Int: 17    God:
Gold:   0          SH:  0    Dex: 14    Spells: 2/5 levels left

rFire    . . .     SeeInvis +   a - +1 dagger
rCold    . . .     Gourm    .   (no shield)
rNeg     + . .     Faith    .   b - +0 robe
rPois    .         Spirit   .   (no helmet)
rElec    .         Reflect  .   (no cloak)
rCorr    .         Harm     .   (no gloves)
MR       .....                  (no boots)
Stlth    +++.......             (no amulet)
HPRegen  0.06/turn              (no ring)
MPRegen  0.09/turn              (no ring)

@: no status effects
A: fangs 3, see invisible, unbreathing
a: no special abilities


You were on level 1 of the Dungeon.
You were not thirsty.

You visited 1 branch of the dungeon, and saw 1 of its levels.

Inventory:

Hand Weapons
 a - a +1 dagger (weapon)
Armour
 b - a +0 robe (worn)
Potions
 c - a potion of cancellation {unknown}
 d - a potion of blood


   Skills:
 + Level 1.6 Short Blades
 - Level 2.1 Dodging
 + Level 4.7 Stealth
 - Level 2.0 Spellcasting
 + Level 4.7 Hexes


You had 2 spell levels left.
You knew the following spells:

 Your Spells              Type           Power        Failure   Level  Hunger
a - Corona                Hex            ###....      2%          1    #......
b - Ensorcelled Hibernat  Hex/Ice        #.....       11%         2    ###....

Your spell library contained the following spells:

 Spells                   Type           Power        Failure   Level  Hunger
 Confuse                  Hex            ###.....     9%          3    ###....
 Tukima's Dance           Hex            ###.....     9%          3    ###....
 Dazzling Spray           Conj/Hex       #.....       22%         3    ###....


Dungeon Overview and Level Annotations

Branches:
Dungeon (1/15)

Altars:


Innate Abilities, Weirdness & Mutations

You have razor-sharp teeth.
You have supernaturally acute eyesight. (SInv)
You can survive without breathing.


Message History

The kobold barely misses you.
Casting: Ensorcelled Hibernation (safe; 11% risk of failure)
Confirm with . or Enter, or press ? or * to list all spells.
Aiming: Ensorcelled Hibernation (safe; 11% risk of failure)
Press: ? - help, Shift-Dir - straight line, f/p - kobold
Aim: a kobold (chance to defeat MR: 58%)
The kobold resists with significant effort.
The kobold hits you.
Damage: -5%(-1hp) hp: 48%(9hp)
You closely miss the kobold. You barely miss the kobold.
The kobold closely misses you.
You completely miss the kobold. The kobold hits you.
Huge Dmg: -21%(-4hp) hp: 32%(6hp)
You barely miss the kobold. The kobold closely misses you.
You miss the kobold. The kobold hits you.
* * * LOW HITPOINT WARNING * * *
Huge Dmg: -16%(-3hp) hp: 16%(3hp)
The kobold throws a stone.
The stone barely misses you.
The kobold throws a stone.
The stone hits you.
You die...

### #.. .. #.# #.# ...... ##.#
#.####+###+### .....
##.####.##...(.....#####....
##......##.........#....K.. ##
'.......##.........#.#.#.. ...
#.......##......@..#.#.#.##..#
#.....).##.........#...#.....#
#..................#...K.....#.
#..................K#.....>....
########...###.......((..###...
# #...# #.#...=..##....... #
#....##.#......# ...... #
#....##.##.#.### #...... #
#.......##.#... .....g


You could see a kobold.

Vanquished Creatures
  A giant cockroach (D:1)
  2 goblins (D:1)
  3 bats (D:1)
  2 rats (D:1)
8 creatures vanquished.

Notes
Turn   | Place    | Note
-------+----------+-------------------------------------------
     0 | D:1      | Lexodia the Vampire Enchanter began the quest for the Orb.
     0 | D:1      | Reached XP level 1. HP: 13/13 MP: 3/3
   135 | D:1      | Huge Dmg: 4 dmg
   137 | D:1      | Reached XP level 2. HP: 10/19 MP: 3/5
   142 | D:1      | Learned a level 2 spell: Ensorcelled Hibernation
   176 | D:1      | Huge Dmg: 4 dmg
   178 | D:1      | Huge Dmg: 3 dmg
   179 | D:1      | Hit by a stone thrown by a kobold

Levels and vault maps discovered:
D:1:      dpeg_arrival_subterranean_lakeside_camping, layout_basic

Action                   || total
-------------------------++-------
Melee: Dagger            ||    36
       Bite              ||     2
 Cast: Corona            ||     1
       Ensorcelled Hiber ||     2
 Stab: Sleeping          ||     1
Armor: Robe              ||    10
Dodge: Dodged            ||    28

Table legend:
 A = Non-vault XP
 B = Vault XP
 C = Vault XP percentage of total XP
 D = Non-vault monster count
 E = Vault monster count
 F = Vault count percentage of total count
                 A         B        C        D         E       F
            +---------+---------+-------+---------+---------+-------
      Total |       7 |       6 |  46.2 |       4 |       4 |  50.0
            +---------+---------+-------+---------+---------+-------
        D:1 |       7 |       6 |  46.2 |       4 |       4 |  50.0
            +---------+---------+-------+---------+---------+-------
